 Dungeon Crawl Stone Soup version 0.24.0-13-gcf9b319 (webtiles) character file.

Game seed: 6683294037419415797, levelgen mode: deterministic

136 Bronimir the Firebug (level 5, -7/29 HPs)
             Began as a Tengu Fire Elementalist on Mar 5, 2020.
             Mangled by an orc
             ... wielding a +0 flail
              (8 damage)
             ... on level 5 of the Dungeon.
             The game lasted 00:08:36 (3592 turns).

Bronimir the Firebug (Tengu Fire Elementalist)      Turns: 3592, Time: 00:08:37

Health: -7/29      AC:  3    Str:  9    XL:     5   Next: 19%
Magic:  0/10       EV: 13    Int: 16    God:
Gold:   187        SH:  0    Dex: 14    Spells: 3/9 levels left

rFire    . . .     SeeInvis .   a - +0 hand axe
rCold    . . .     Gourm    .   (no shield)
rNeg     . . .     Faith    .   l - +0 robe
rPois    .         Spirit   .   (helmet restricted)
rElec    .         Reflect  .   (no cloak)
rCorr    .         Harm     .   h - +0 pair of gloves
MR       .....                  (boots unavailable)
Stlth    ++........             (no amulet)
HPRegen  0.09/turn              (no ring)
MPRegen  0.12/turn              (no ring)

@: lethally poisoned (-7 -> -9)
A: beak, talons 3, able to fly
a: Fly


You were on level 5 of the Dungeon.
You were not hungry.

You visited 1 branch of the dungeon, and saw 5 of its levels.

You collected 187 gold pieces.

Inventory:

Hand Weapons
 a - a +0 hand axe (weapon)
 b - a +0 hunting sling
 n - a +0 whip
Missiles
 g - 74 stones
 i - 25 bolts
 j - 24 arrows
 p - 4 boomerangs (quivered)
Armour
 d - a +0 large shield
 h - a +0 pair of gloves (worn)
 l - a +0 robe (worn)
Scrolls
 e - 2 scrolls of teleportation {unknown}
 f - 5 scrolls of remove curse {unknown}
 k - 5 scrolls of identify {unknown}
 r - a scroll of fog {unknown}
Potions
 m - a potion of lignification {unknown}
 q - 2 potions of mutation {unknown}
Comestibles
 c - 3 rations


   Skills:
 + Level 1.2 Fighting
 + Level 0.2 Maces & Flails
 + Level 0.1 Slings
 + Level 0.1 Throwing
 * Level 1.9 Armour
 + Level 2.6 Dodging
 - Level 2.0 Stealth
 + Level 0.3 Unarmed Combat
 + Level 2.7 Spellcasting
 * Level 2.5 Conjurations
 + Level 4.2 Fire Magic


You had 3 spell levels left.
You knew the following spells:

 Your Spells              Type           Power        Failure   Level  Hunger
a - Flame Tongue          Conj/Fire      ##...        4%          1    #......
b - Throw Flame           Conj/Fire      ##....       8%          2    ##.....
c - Conjure Flame         Conj/Fire      ##......     14%         3    ###....

Your spell library contained the following spells:

 Spells                   Type           Power        Failure   Level  Hunger
 Inner Flame              Hex/Fire       #.......     24%         3    ###....
 Sticky Flame             Conj/Fire      ##......     43%         4    #####..
 Fireball                 Conj/Fire      ##........   80%         5    ######.


Dungeon Overview and Level Annotations

Branches:
Dungeon (5/15)
 Temple: D:4-7

Altars:
Gozag


Innate Abilities, Weirdness & Mutations

You have a beak for a mouth.
You have claws for feet.
You can fly continuously.


Message History

Press: ? - help, Shift-Dir - straight line, f - orc
Aim: an orc, wielding a +0 flail and wearing a +0 ring mail The flame tongue hits the orc.
The orc is heavily wounded.
The orc hits you but does no damage.
Casting: Flame Tongue (safe; 4% risk of failure)
Confirm with . or Enter, or press ? or * to list all spells.
You don't have enough magic to cast that spell.
You hit the orc.
The orc is almost dead.
You feel sick. The orc closely misses you.
You closely miss the orc. Your kick misses the orc.
The orc is almost dead.
The orc completely misses you.
You hit the orc but do no damage. Your peck misses the orc.
The orc is almost dead.
The orc hits you with a +0 flail.
* * * LOW HITPOINT WARNING * * *
The orc hits you with a +0 flail!
You die...

..... .....
...... ...... .
....# ... ... #
.....#.###..###
.......@.......
......o..%.....
......###....#.
..$... ......
..>.. ...##
..... ...# ....
.## .... ..


You could see an orc.

Vanquished Creatures
  A worker ant (D:4)
  3 adders
  2 oozes
  A worm (D:3)
  4 dart slugs
  5 leopard geckos
  2 orcs
  2 giant cockroaches
  4 goblins
  7 hobgoblins
  3 jackals (D:1)
  A ball python (D:1)
  5 bats
  6 frilled lizards
  12 kobolds
  6 rats
64 creatures vanquished.

Notes
Turn   | Place    | Note
-------+----------+-------------------------------------------
     0 | D:1      | Bronimir the Tengu Fire Elementalist began the quest for
                  | the Orb.
     0 | D:1      | Reached XP level 1. HP: 10/10 MP: 4/4
   412 | D:1      | Reached XP level 2. HP: 14/15 MP: 6/6
   432 | D:1      | Reached skill level 1 in Armour
   636 | D:1      | Reached XP level 3. HP: 15/20 MP: 1/7
   876 | D:1      | Learned a level 2 spell: Throw Flame
   880 | D:1      | Learned a level 3 spell: Conjure Flame
  1402 | D:2      | Reached skill level 1 in Fighting
  1520 | D:2      | Reached XP level 4. HP: 25/25 MP: 8/8
  1608 | D:2      | Found an opulent altar of Gozag.
  2071 | D:2      | Reached skill level 4 in Fire Magic
  3583 | D:4      | Gained mutation: You can fly continuously. [Tengu growth]
  3583 | D:4      | Reached XP level 5. HP: 10/29 MP: 0/10
  3588 | D:5      | Entered Level 5 of the Dungeon
  3592 | D:5      | HP: 1/29 [orc/+0 flail (2)]
  3592 | D:5      | Mangled by an orc

Levels and vault maps discovered:
D:1:      minmay_arrival_stair_chambers, layout_basic
D:2:      layout_rooms, serial_forest, infiniplex_forest_straight_2,
          infiniplex_forest_straight_3, infiniplex_forest_lined_room_3,
          infiniplex_forest_clump_medium, infiniplex_forest_fountain,
          grunt_gozag_breadcrumbs
D:3:      layout_basic, skrybe_limestone_x
D:4:      layout_basic, nicolae_ru_great_annihilating_truth,
          eat_drink_and_be_merry_uskayaw, kennysheep_okawaru_gauntlet,
          grunt_temple_overflow_open, lemuel_coloured_pillars_altar,
          lemuel_round_altar, portal_sewer_entry_e
D:5:      layout_rooms, first_ration

Skill      XL: |  1  2  3  4 |
---------------+-------------+-----
Armour         | 1 |  1.9
Conjurations   | 2 |  2.5
Fighting       | 1 |  1.2
Fire Magic     | 4 |  4.2
Maces & Flails | |  0.2
Slings         | |  0.1
Throwing       | |  0.1
Dodging        | |  2.6
Stealth        | |  2.0
Unarmed Combat | |  0.3
Spellcasting   | |  2.7

Action                   |  1- 3 |  4- 6 || total
-------------------------+-------+-------++-------
Melee: Unarmed           |    29 |       ||    29
       Kick              |    11 |     8 ||    19
       Peck              |     3 |     2 ||     5
       Whip              |    21 |    12 ||    33
       Hand axe          |       |    13 ||    13
 Fire: Hunting sling     |       |     5 ||     5
Throw: Boomerang         |       |     5 ||     5
 Cast: Flame Tongue      |    38 |    54 ||    92
  Use: Potion            |       |     3 ||     3
 Stab: Sleeping          |     1 |     2 ||     3
  Eat: Chunk             |     3 |     6 ||     9
Armor: Robe              |    19 |     9 ||    28
Dodge: Dodged            |    57 |    37 ||    94
